 Dungeon Crawl Stone Soup version 0.17.0-73-gb648821 (webtiles) character file.

5019 graki42 the Thaumaturge (level 10, 0/52 HPs)
             Began as a Deep Elf Fire Elementalist on Dec 9, 2015.
             Was an Elder of Vehumet.
             Slain by a wolf (8 damage)
             ... on level 1 of the Lair of Beasts.
             The game lasted 00:46:35 (10181 turns).

graki42 the Thaumaturge (DEFE)                     Turns: 10181, Time: 00:46:35

Health: 0/52       AC:  4    Str:  7    XL:     10   Next: 30%
Magic:  24/36      EV: 21    Int: 24    God:    Vehumet [****..]
Gold:   407        SH:  0    Dex: 20    Spells: 5 memorised, 15 levels left

rFire  . . .     SeeInvis +     U - staff of earth
rCold  . . .     Clarity  .     R - -2 leather armour (curse)
rNeg   + . .     SustAt   .     (no shield)
rPois  .         Gourm    .     (no helmet)
rElec  .         Spirit   .     X - +2 cloak of the Meadowlark {rN+ Str+2 SInv}
rCorr  .         Warding  .     (no gloves)
rMut   +         Stasis   .     (no boots)
MR     ++...                    K - amulet of resist mutation
Stlth  ++++......               E - ring of magical power
                                d - ring of protection from magic

@: agile, very resistant to hostile enchantments, stealthy
A: no striking features
a: Renounce Religion


You were on level 1 of the Lair of Beasts.
You worshipped Vehumet.
Vehumet was greatly pleased with you.
You were not hungry.

You visited 2 branches of the dungeon, and saw 11 of its levels.
You also visited: Sewer.

You collected 407 gold pieces.

Inventory:

Hand Weapons
 p - a +0 blowgun
 x - a +0 dagger of protection
Missiles
 s - 26 poisoned needles
 B - 3 throwing nets (quivered)
Armour
 R - a cursed -2 leather armour (worn)
 W - a +0 robe of positive energy
 X - the +2 cloak of the Meadowlark (worn) {rN+ Str+2 SInv}
   (You found it on level 9 of the Dungeon)

   It affects your strength (+2).
   It protects you from negative energy.
   It lets you see invisible.
Magical Staves
 U - an uncursed staff of earth (weapon)
Jewellery
 d - a ring of protection from magic (left hand)
 j - an uncursed ring of stealth
 l - an uncursed amulet of faith
 r - an uncursed ring of teleportation
 E - a ring of magical power (right hand)
 K - an amulet of resist mutation (around neck)
Wands
 a - a wand of draining (8)
 o - a wand of paralysis (4)
 w - a wand of disintegration (15)
 z - a wand of fireball (8)
 L - a wand of slowing (21)
 M - a wand of polymorph (15)
 V - a wand of digging (13)
Scrolls
 h - a scroll of amnesia
 t - 5 scrolls of identify
 y - 2 scrolls of recharging {unknown}
 A - a scroll of magic mapping
 C - 4 scrolls of fear {unknown}
 H - 2 scrolls of random uselessness {unknown}
 J - a scroll of fog
 Q - a scroll of brand weapon {unknown}
Potions
 e - 2 potions of heal wounds {unknown}
 i - a potion of agility
 k - 4 potions of curing
 n - 2 potions of flight
 q - a potion of resistance
 u - a potion of lignification {unknown}
 v - a potion of magic {unknown}
 D - a potion of degeneration {unknown}
 F - a potion of poison {unknown}
 G - a potion of cancellation {unknown}
 N - a potion of might {unknown}
Books
 b - a book of Flames

   Spells                             Type                      Level
   a - Flame Tongue                   Conjuration/Fire             1
   b - Throw Flame                    Conjuration/Fire             2
   c - Conjure Flame                  Conjuration/Fire             3
   d - Inner Flame                    Hexes/Fire                   3
   e - Sticky Flame                   Conjuration/Fire             4
   f - Fireball                       Conjuration/Fire             5
 I - a book of Party Tricks

   Spells                             Type                      Level
   a - Summon Butterflies             Summoning                    1
   b - Apportation                    Translocation                1
   c - Tukima's Dance                 Hexes                        3
   d - Alistair's Intoxication        Transmutation/Poison         4
   e - Invisibility                   Hexes                        6
Miscellaneous
 T - a crystal ball of energy
Comestibles
 c - 10 bread rations
 f - 4 beef jerkies
 g - 7 meat rations
 m - a chunk of flesh
 O - 9 slices of pizza


   Skills:
 + Level 1.5 Fighting
   Level 0.3 Long Blades
 + Level 0.2 Throwing
 + Level 0.5 Armour
 + Level 6.4 Dodging
 + Level 4.8 Stealth
 + Level 11.1 Spellcasting
 + Level 8.1 Conjurations
 + Level 0.6 Hexes
 + Level 9.4 Fire Magic


You had 15 spell levels left.
You knew the following spells:

 Your Spells              Type           Power        Failure   Level  Hunger
a - Flame Tongue          Conj/Fire      #####        1%          1    None
b - Conjure Flame         Conj/Fire      ######..     1%          3    None
c - Inner Flame           Hex/Fire       #####...     1%          3    None
d - Sticky Flame          Conj/Fire      ######..     1%          4    None
e - Fireball              Conj/Fire      ######....   1%          5    ####...


Dungeon Overview and Level Annotations

Branches:
Dungeon (10/15)            Temple (0/1) D:4            Lair (1/8) D:10
    Orc: D:9-12

Altars:
Dithmenos
Gozag
Makhleb
Qazlal
Vehumet
Xom
The Shining One

Shops:
D:4 =

Annotations:
D:6 Britaniac's ghost, novice GrFE


Message History

The fireball engulfs the wolf.
The wolf is heavily wounded.
The black mamba hisses angrily.
You hear a howl!
You hear an angry hiss.
The wolf bites you!
* * * LOW HITPOINT WARNING * * *
Found a scroll of blinking.
An iguana comes into view.
Read which item? (? for menu, Esc to quit)
As you read the scroll labeled XIEVEI MERAWI, it crumbles to dust.
You hear a loud clanging noise!
It was a scroll of noise.
You hear a screech! x2
You hear a roar!
The wolf misses you. The wolf completely misses you.
Drink which item? (? for menu, Esc to quit)
It was a potion of agility.
You feel agile all of a sudden. The wolf misses you.
The wolf barely misses you. The wolf misses you.
The wolf completely misses you. The wolf bites you!
You die...

.......#......
#.............
#............ #
P.......+... .#
........##.##.+#..h
#..........<.......
............h......
?.....HhhS.......h.
.:...#@####..h....
.... +.h.h...##.#.
... #.......+ ≈♣
#.....#.# .
........# #.....P.#
#.....#l# #.....#..


You could see a black mamba, a hippogriff, 5 wolves and an iguana.

Vanquished Creatures
  Psyche (D:9)
  The ghost of ketsa the Unweaver, a novice HuAK of Lugonu (D:5)
  Grinder (D:3)
  The ghost of JokEr the Shield-Bearer, an amateur GrFi (D:4)
  4 yaks
  A human (D:7)
  Edmund (D:5)
  A black bear (D:7)
  An ogre (D:4)
  2 orc warriors
  3 centaurs
  A big kobold (Sewer)
  3 giant frogs (D:6)
  3 scorpions
  6 killer bees (D:7)
  12 wights
  A giant frog zombie (D:5)
  5 hounds
  A jelly (D:6)
  A centaur skeleton (D:9)
  Jessica (D:3)
  A giant frog skeleton (D:9)
  Terence (D:3)
  3 gnoll shamans
  6 orc wizards
  5 sheep
  2 iguanas
  10 worker ants
  A killer bee zombie (D:8)
  A hound zombie (D:9)
  2 hound skeletons
  A worker ant zombie (D:5)
  18 gnolls
  11 adders
  A river rat (Sewer)
  4 shadow imps
  2 oozes (D:1)
  2 adder zombies
  3 adder skeletons
  2 worms
  16 orcs
  8 giant cockroaches
  3 hobgoblins
  9 kobolds
  7 quokkas
  2 ball pythons
  11 bats
  4 giant geckos
  2 giant gecko skeletons
  A giant gecko zombie (D:5)
  7 giant newts
  7 goblins
  4 jackals
  A jackal skeleton (D:4)
  4 rats
213 creatures vanquished.

Vanquished Creatures (others)
  3 orcs (D:3)
3 creatures vanquished.

Grand Total: 216 creatures vanquished

Notes
Turn   | Place    | Note
--------------------------------------------------------------
     0 | D:1      | graki42 the Deep Elf Fire Elementalist began the quest for the Orb.
     0 | D:1      | Reached XP level 1. HP: 10/10 MP: 6/6
    84 | D:1      | Reached XP level 2. HP: 9/15 MP: 0/8
   872 | D:2      | Reached XP level 3. HP: 19/19 MP: 8/10
   880 | D:2      | Reached skill level 4 in Fire Magic
  1245 | D:2      | Reached XP level 4. HP: 24/24 MP: 3/11
  1640 | D:3      | Found a glowing drain.
  1813 | Sewer    | Entered a sewer
  1883 | Sewer    | Noticed a big kobold
  1912 | Sewer    | Killed a big kobold
  1912 | Sewer    | Reached XP level 5. HP: 11/28 MP: 9/14
  1978 | Sewer    | Found a white marble altar of Elyvilon.
  2080 | D:3      | Found a faded altar to an unknown god.
  2160 | D:3      | Found a radiant altar of Vehumet.
  2169 | D:3      | Became a worshipper of Vehumet
  2201 | D:3      | Noticed Grinder
  2215 | D:3      | Killed Grinder
  2215 | D:3      | Reached skill level 5 in Spellcasting
  2215 | D:3      | Reached skill level 5 in Fire Magic
  2215 | D:3      | Reached XP level 6. HP: 16/32 MP: 4/16
  2344 | D:3      | Noticed Jessica
  2348 | D:3      | Killed Jessica
  2430 | D:3      | Found a stormy altar of Qazlal.
  3033 | D:3      | Noticed Terence
  3038 | D:3      | Killed Terence
  3170 | D:4      | Found Apanieb's Jewellery Boutique.
  3204 | D:4      | Reached XP level 7. HP: 6/37 MP: 7/17
  3529 | D:4      | Learned a level 3 spell: Conjure Flame
  3533 | D:4      | Learned a level 3 spell: Inner Flame
  3538 | D:4      | Learned a level 4 spell: Sticky Flame
  3544 | D:4      | Learned a level 5 spell: Fireball
  3551 | D:4      | Reached skill level 6 in Spellcasting
  3559 | D:4      | Noticed JokEr's ghost (amateur GrFi)
  4166 | D:4      | Found a staircase to the Ecumenical Temple.
  4407 | D:4      | Reached * piety under Vehumet
  4407 | D:4      | Offered knowledge of Shock by Vehumet.
  4407 | D:4      | Reached skill level 1 in Fighting
  4425 | D:5      | Entered Level 5 of the Dungeon
  4565 | D:5      | Noticed ketsa's ghost (novice HuAK)
  4579 | D:5      | Killed ketsa's ghost
  4579 | D:5      | Reached skill level 7 in Spellcasting
  4579 | D:5      | Reached XP level 8. HP: 2/43 MP: 6/20
  4958 | D:5      | Found a shimmering altar of Xom.
  4997 | D:5      | Reached skill level 5 in Conjurations
  5123 | D:5      | Noticed Edmund
  5438 | D:5      | Killed Edmund
  5857 | D:4      | Killed JokEr's ghost
  5857 | D:4      | Reached skill level 8 in Spellcasting
  5949 | D:6      | Noticed Britaniac's ghost (novice GrFE)
  6093 | D:6      | Reached skill level 5 in Dodging
  6397 | D:6      | Offered knowledge of Throw Frost by Vehumet.
  6420 | D:6      | Reached ** piety under Vehumet
  6420 | D:6      | Reached XP level 9. HP: 47/47 MP: 17/23
  6571 | D:6      | Reached skill level 9 in Spellcasting
  7696 | D:7      | Found a shadowy altar of Dithmenos.
  7762 | D:7      | Offered knowledge of Stone Arrow by Vehumet.
  7906 | D:7      | Reached *** piety under Vehumet
  8026 | D:7      | Reached skill level 10 in Spellcasting
  8323 | D:7      | Offered knowledge of Static Discharge by Vehumet.
  9104 | D:8      | Reached XP level 10. HP: 52/52 MP: 26/26
  9374 | D:9      | Found a burning altar of Makhleb.
  9427 | D:9      | Noticed Psyche
  9431 | D:9      | Killed Psyche
  9435 | D:9      | Reached **** piety under Vehumet
  9527 | D:9      | Got a spiked cloak
  9538 | D:9      | Identified the +2 cloak of the Meadowlark {rN+ Str+2 SInv} (You found it on level 9 of the Dungeon)
  9575 | D:9      | Found a glowing golden altar of the Shining One.
  9675 | D:9      | Found an opulent altar of Gozag.
 10102 | D:10     | Entered Level 10 of the Dungeon
 10106 | D:10     | Noticed an elephant
 10111 | D:9      | Reached skill level 11 in Spellcasting
 10164 | D:10     | Noticed a hill giant
 10167 | D:10     | Found a staircase to the Lair.
 10173 | Lair:1   | Entered Level 1 of the Lair of Beasts
 10176 | Lair:1   | Noticed a black mamba
 10177 | Lair:1   | Offered knowledge of Ignite Poison by Vehumet.
 10181 | Lair:1   | Slain by a wolf

Action                   |  1- 3 |  4- 6 |  7- 9 | 10-12 || total
-------------------------+-------+-------+-------+-------++-------
Melee: Unarmed           |     4 |       |       |       ||     4
       Long sword        |       |     4 |     1 |       ||     5
       Dagger            |       |       |     4 |       ||     4
       Staff             |       |       |       |     1 ||     1
Throw: Throwing net      |       |       |       |     1 ||     1
 Cast: Flame Tongue      |    59 |    98 |   214 |    13 ||   384
       Sticky Flame      |       |       |    35 |     6 ||    41
       Fireball          |       |       |    22 |     9 ||    31
       Conjure Flame     |       |       |     2 |       ||     2
       Inner Flame       |       |       |     1 |       ||     1
  Use: Scroll            |       |     7 |     5 |     2 ||    14
       Potion            |       |     1 |     2 |     1 ||     4
 Stab: Sleeping          |       |     3 |     1 |       ||     4
  Eat: Chunk             |     1 |     6 |    20 |     4 ||    31
       Fruit             |       |       |     4 |     1 ||     5
